 Dungeon Crawl Stone Soup version 0.23-a0-359-g9beedce (webtiles) character file.

129 Garbasso the Slasher (level 5, -5/28 HPs)
             Began as a Vine Stalker Berserker on Oct 23, 2018.
             Was a Believer of Trog.
             Killed by divine providence
             ... invoked by an orc priest
              (9 damage)
             ... on level 3 of the Dungeon.
             The game lasted 00:05:06 (2248 turns).

Garbasso the Slasher (Vine Stalker Berserker)       Turns: 2248, Time: 00:05:07

Health: -5/28      AC:  7    Str: 21    XL:     5   Next: 12%
Magic:  0/6        EV:  8    Int:  7    God:    Trog [**....]
Gold:   121        SH:  7    Dex: 13    Spells: 4/4 levels left

rFire    . . .     SeeInvis .   j - +2 short sword (flame)
rCold    . . .     Gourm    .   t - +0 shield
rNeg     . . .     Faith    .   f - +0 ring mail
rPois    .         Spirit   +   (no helmet)
rElec    .         Reflect  .   g - +1 cloak
rCorr    .         Harm     .   (no gloves)
MR       .....                  (no boots)
Stlth    +.........             h - amulet of magic regeneration
HPRegen  0.49/turn              (no ring)
MPRegen  0.35/turn              (no ring)

@: no status effects
A: fangs 2, regeneration 1, magic shield, antimagic bite, no potion heal 3, rot
immunity
a: Berserk, Trog's Hand, Renounce Religion


You were on level 3 of the Dungeon.
You worshipped Trog.
Trog was pleased with you.
You were not hungry.

You visited 1 branch of the dungeon, and saw 3 of its levels.

You collected 121 gold pieces.

Inventory:

Hand Weapons
 a - a +0 falchion
 j - a +2 short sword of flaming (weapon)
Armour
 f - a +0 ring mail (worn)
 g - a +1 cloak (worn)
 t - a +0 shield (worn)
Jewellery
 h - an amulet of magic regeneration (around neck)
 q - an uncursed ring of fire
Scrolls
 d - a scroll of remove curse
 i - 2 scrolls of amnesia {unknown}
 k - a scroll of fog {unknown}
 n - 2 scrolls of identify {unknown}
 p - a scroll of blinking {unknown}
 s - a scroll of teleportation {unknown}
Potions
 b - a potion of berserk rage {unknown}
 e - 2 potions of cancellation {unknown}
 l - 2 potions of invisibility {unknown}
 m - 3 potions of flight {unknown}
 o - a potion of resistance {unknown}
 r - 2 potions of curing {unknown}
Comestibles
 c - 4 rations


   Skills:
 + Level 3.3 Fighting
 * Level 3.9 Long Blades
 + Level 2.3 Armour
 + Level 2.2 Dodging


You had 4 spell levels left.
You didn't know any spells.
Your spell library was empty.

Dungeon Overview and Level Annotations

Branches:
Dungeon (3/15)

Altars:


Innate Abilities, Weirdness & Mutations

You have extremely sharp teeth.
Your natural rate of healing is unusually fast.
When hurt, damage is shared between your health and your magic reserves.
Your bite disrupts and absorbs the magic of your enemies.
Potions cannot restore your health.
You are immune to rotting.


Message History

The orc wizard hits you with a +0 dagger.
The orc priest hits you but does no damage.
An orc priest comes into view. It is wielding a +0 trident.
You hit the orc priest. You burn the orc priest.
The orc priest is severely wounded.
The orc wizard hits you with a +0 dagger.
The orc priest hits you but does no damage.
The orc wizard casts a spell at you. The puff of frost hits you!
The orc priest hits you but does no damage.
The orc wizard gestures at you while chanting.
The puff of frost hits you!
The orc priest hits you from afar with a +0 trident.
The orc wizard looks encouraged for a moment.
The orc priest mumbles some strange prayers to Beogh against you.
Beogh smites you!
* * * LOW HITPOINT WARNING * * *
The orc priest invokes the aid of Beogh against you.
Beogh smites you!
You die...

.## ..$ ... #.#
### #o##.. #
#.#.###
#.###oo...#
#..o....#.#.# #
#.?[.@......#.#
#####.#.#.###.#
##..#.##.#
##)#.#.# #....#
###.#.##
#.....#
#######<###.#
....)...# #.#


You could see 2 orc priests, an orc wizard and an orc.

Vanquished Creatures
  Jessica (D:3)
  3 gnolls (D:2)
  An ooze (D:2)
  2 dart slugs
  A leopard gecko (D:1)
  4 bats
  10 giant cockroaches (D:2)
  5 goblins
  8 hobgoblins
  4 jackals (D:1)
  2 quokkas (D:2)
  5 frilled lizards
  9 kobolds
  7 rats
62 creatures vanquished.

Notes
Turn   | Place    | Note
-------+----------+-------------------------------------------
     0 | D:1      | Garbasso the Vine Stalker Berserker began the quest for the
                  | Orb.
     0 | D:1      | Reached XP level 1. HP: 11/11 MP: 2/2
   284 | D:1      | Reached XP level 2. HP: 6/16 MP: 3/3
   731 | D:1      | Reached XP level 3. HP: 19/19 MP: 4/4
   950 | D:1      | Reached ** piety under Trog
  1388 | D:2      | Gained mutation: Your natural rate of healing is unusually
                  | fast. [Vine Stalker growth]
  1388 | D:2      | Reached XP level 4. HP: 24/24 MP: 5/5
  2229 | D:3      | Noticed Jessica
  2236 | D:3      | Killed Jessica
  2236 | D:3      | Reached XP level 5. HP: 28/28 MP: 3/6
  2248 | D:3      | Killed from afar by an orc priest

Vault maps used:
D:1:      dpeg_arrival_line_fractal
D:2:      minmay_roachtagon, minivault_27, kennysheep_generic_room_2
D:3:      uniq_jessica, uniq_terence, uniq_grinder

Skill      XL: |  1  2  3 |
---------------+----------+-----
Long Blades    | 3 |  3.9
Fighting       | 3 |  3.3
Armour         | 2 |  2.3
Dodging        | 2 |  2.2

Action                   |  1- 3 |  4- 6 || total
-------------------------+-------+-------++-------
Melee: Falchion          |    59 |       ||    59
       Bite              |    31 |     7 ||    38
       Short sword       |    34 |    44 ||    78
Invok: Berserk           |       |     1 ||     1
  Use: Scroll            |     1 |       ||     1
  Eat: Chunk             |     2 |     3 ||     5
Armor: Animal skin       |     1 |       ||     1
       Ring mail         |    31 |    12 ||    43
Dodge: Dodged            |    77 |    21 ||    98
Block: Shield            |       |     4 ||     4
       Rpst.: Falchion   |    15 |       ||    15

Table legend:
 A = Non-vault XP
 B = Vault XP
 C = Vault XP percentage of total XP
 D = Non-vault monster count
 E = Vault monster count
 F = Vault count percentage of total count
                 A         B        C        D         E       F
            +---------+---------+-------+---------+---------+-------
      Total |     125 |      60 |  32.4 |      49 |      13 |  21.0
            +---------+---------+-------+---------+---------+-------
        D:1 |      52 |       0 |   0.0 |      31 |       0 |   0.0
        D:2 |      71 |      23 |  24.5 |      17 |      12 |  41.4
        D:3 |       2 |      37 |  94.9 |       1 |       1 |  50.0
            +---------+---------+-------+---------+---------+-------
